 Dungeon Crawl Stone Soup version 0.21.0-3-g78d12a8 (webtiles) character file.

128 dobroeutro the Slasher (level 4, -1/35 HPs)
             Began as a Demonspawn Fighter on Jan 9, 2018.
             Was an Initiate of Okawaru.
             Slain by Sigmund
             ... wielding a +4 vampiric scythe
              (5 damage)
             ... on level 3 of the Dungeon.
             The game lasted 00:04:35 (1934 turns).

dobroeutro the Slasher (Demonspawn Fighter)         Turns: 1934, Time: 00:04:35

Health: -1/35      AC:  6    Str: 23    XL:     4   Next: 87%
Magic:  4/4        EV:  7    Int:  9    God:    Okawaru [......]
Gold:   218        SH:  9    Dex: 12    Spells: 3/3 levels left

rFire    . . .     SeeInvis .   a - +0 long sword
rCold    . . .     Gourm    .   c - +0 shield
rNeg     . . .     Faith    .   b - +0 scale mail
rPois    .         Spirit   .   (helmet restricted)
rElec    .         Reflect  .   (no cloak)
rCorr    .         Harm     .   (no gloves)
MR       .....                  (no boots)
Stlth    ..........             (no amulet)
HPRegen  0.11/turn              (no ring)
MPRegen  0.09/turn              (no ring)

@: mighty
A: antennae 1, powered by pain 1
a: Renounce Religion


You were on level 3 of the Dungeon.
You worshipped Okawaru.
Okawaru was noncommittal.
You were hungry.

You visited 1 branch of the dungeon, and saw 3 of its levels.

You collected 218 gold pieces.

Inventory:

Hand Weapons
 a - a +0 long sword (weapon)
Armour
 b - a +0 scale mail (worn)
 c - a +0 shield (worn)
Scrolls
 e - 9 scrolls of identify {unknown}
 g - 3 scrolls of enchant armour {unknown}
 i - 4 scrolls of remove curse {unknown}
 j - 3 scrolls of magic mapping {unknown}
 l - a scroll of fog {unknown}
 o - a scroll of enchant weapon {unknown}
Potions
 h - a potion of flight {unknown}
 k - a potion of invisibility {unknown}
 m - a potion of degeneration {unknown}
 n - a potion of brilliance {unknown}
 p - a potion of haste {unknown}
Comestibles
 f - 8 rations


   Skills:
 - Level 3.0 Fighting
 + Level 4.7 Long Blades
 - Level 2.6 Armour
 - Level 2.6 Shields


You had 3 spell levels left.
You didn't know any spells.

Dungeon Overview and Level Annotations

Branches:
Dungeon (3/15)

Altars:
Nemelex Xobeh
Okawaru

Annotations:
D:3 1 transporter, Sigmund


Innate Abilities, Weirdness & Mutations

You have a pair of small antennae on your head.
You sometimes gain a little power by taking damage.


Message History

Items here: )) [ † a short sword; a whip; a scale mail; an orc corpse You are feeling hungry.
Sigmund the Dreaded comes into view.
He is wielding a vampiric scythe.
Sigmund is nearby!
Sigmund is nearby!
Sigmund hits you with a vampiric scythe!
You are too injured to fight recklessly!
You are too injured to fight recklessly!
You are too injured to fight recklessly!
You feel very mighty all of a sudden.
Sigmund hits you with a vampiric scythe!
* * * LOW HITPOINT WARNING * * *
Your shield prevents you from hitting Sigmund.
You barely miss Sigmund. Sigmund closely misses you.
You barely miss Sigmund. You block Sigmund's attack.
You slash Sigmund!
Sigmund is heavily wounded.
Sigmund hits you with a vampiric scythe.
You die...

#.##.####' #..).).#..
### ####)###.. ..# #.#
#.. # #.# ####.# #.. #.
#.# #....# #.. #.. #.#
#.##.###..
###.?.##.######.#...##..
......@@.............#..
###...##.######.#...##..
#.. #.# #.##.###.. #.
..# #.#### #.. #. ####
#.## ### # #..#######
##.##..... #.##.####
#.##.####


You could see Sigmund.

Vanquished Creatures
  Jessica (D:2)
  Terence (D:3)
  2 adders
  A shadow imp (D:3)
  3 leopard geckos
  5 orcs (D:3)
  2 ball pythons (D:3)
  5 giant cockroaches
  4 goblins
  A hobgoblin (D:2)
  3 quokkas (D:3)
  7 bats
  2 frilled lizards
  3 kobolds
  11 rats
51 creatures vanquished.

Notes
Turn   | Place    | Note
-------+----------+-------------------------------------------
     0 | D:1      | dobroeutro the Demonspawn Fighter began the quest for the Orb.
     0 | D:1      | Reached XP level 1. HP: 18/18 MP: 1/1
    91 | D:1      | Reached skill level 2 in Long Blades
   473 | D:1      | Gained mutation: You sometimes gain a little power by taking damage. [demonic ancestry]
   473 | D:1      | Reached XP level 2. HP: 24/24 MP: 2/2
   869 | D:2      | Reached skill level 3 in Long Blades
  1018 | D:2      | Gained mutation: You have a pair of small antennae on your head. [demonic ancestry]
  1018 | D:2      | Reached XP level 3. HP: 25/29 MP: 3/3
  1258 | D:2      | Noticed Jessica
  1269 | D:2      | Killed Jessica
  1419 | D:2      | Found an iron altar of Okawaru.
  1419 | D:2      | Found a sparkling altar of Nemelex Xobeh.
  1431 | D:2      | Became a worshipper of Warmaster Okawaru
  1453 | D:3      | Noticed Terence
  1463 | D:3      | Killed Terence
  1463 | D:3      | Reached skill level 4 in Long Blades
  1463 | D:3      | Reached XP level 4. HP: 35/35 MP: 4/4
  1477 | D:3      | Found a transporter.
  1926 | D:3      | Noticed Sigmund
  1934 | D:3      | Slain by Sigmund

Skill      XL: |  1  2  3 |
---------------+----------+-----
Long Blades    | 2 3 4 |  4.7
Fighting       | |  3.0
Armour         | |  2.6
Shields        | |  2.6

Action                   |  1- 3 |  4- 6 || total
-------------------------+-------+-------++-------
Melee: Long sword        |    84 |    86 ||   170
  Use: Potion            |       |     1 ||     1
  Eat: Chunk             |     1 |     2 ||     3
Armor: Scale mail        |    40 |    33 ||    73
Dodge: Dodged            |    30 |    33 ||    63
Block: Shield            |    33 |    52 ||    85
       Rpst.: Long sword |    10 |     7 ||    17
